Unix NetHack Version 5.0.0-0 post-release - last build May 10 2026 23:12:36 (d1fa5d53e341ca933230fdaa984d921c805b60aa,branch:main).

Game began 2026-05-11 19:13:02, ended 2026-05-11 21:53:39.

Eesui, chaotic male human Rogue

    ------------
    |....c.....|##
    |..........| ######
    |...`g).....%###
    |...@......|
    -----|------
         ##
          #                   #
          #                   #
          ###                 )#
     -------.-     ######))##0#
     |......)-######         ##
     |.......|               #
     |`.....<-#
     |......`|
     ---------

Eesui the Pilferer      St:18 Dx:18 Co:18 In:13 Wi:10 Ch:10  Chaotic
Dlvl:14 $:0  HP:0(70) Pw:33(33) AC:-5 Xp:11/14908 T:26592 

Latest messages:
 In what direction?
 You throw 3 daggers.
 The 1st dagger hits the troll!
 The 2nd dagger hits the troll!
 The 3rd dagger hits the troll!
 The troll wields a +3 dagger!
 The troll hits!
 The troll bites!
 In what direction?
 You throw 4 daggers.
 The 1st dagger hits the troll!
 The 2nd dagger hits the troll!
 You kill the troll!
 O - 5 +3 daggers (at the ready) (17 in total).
 O - a +3 dagger (at the ready) (18 in total).
 c - a wand of create monster.
 There are several more objects here.
 The invisible stalker hits!
 The invisible stalker hits!
 O - 2 +3 daggers (at the ready) (20 in total).
 In what direction?
 The dagger hits the invisible stalker!
 The invisible stalker hits!
 In what direction?
 You throw 3 daggers.
 The 1st dagger hits the invisible stalker!
 The 2nd dagger hits the invisible stalker!
 The 3rd dagger hits the invisible stalker!
 The invisible stalker hits!
 In what direction?
 You throw 3 daggers.
 The 1st dagger hits the invisible stalker!
 The 2nd dagger hits the invisible stalker!
 You kill the invisible stalker!
 The 3rd dagger hits the winged gargoyle!
 What do you want to write with? [- a-cil-nwxAEGIJMOQUY or ?*]
 You write in the dust with your fingertip.
 The winged gargoyle turns to flee.
 What do you want to use or apply? [c-glmrwxzACGIQRU or ?*]
 The winged gargoyle turns to flee.
 Are you waiting to get hit?  Use 'm' prefix to force a no-op (to rest).
 Are you waiting to get hit?  Use 'm' prefix to force a no-op (to rest).
 Are you waiting to get hit?  Use 'm' prefix to force a no-op (to rest).
 Are you waiting to get hit?  Use 'm' prefix to force a no-op (to rest).
 The winged gargoyle hits!
 The winged gargoyle hits again!
 The winged gargoyle bites!
 The winged gargoyle hits!
 You die...
 Do you want your possessions identified? [ynq] (y)

Inventory:
 Amulets  ('"')
  K - an uncursed amulet of ESP (being worn)
 Weapons  (')')
  M - a +3 dagger (wielded in left hand)
  O - 13 +3 daggers (at the ready)
  n - the +0 Sting (wielded in right hand)
 Armor    ('[')
  k - a blessed greased +2 dwarvish iron helm (being worn)
  T - an uncursed very burnt +0 pair of jumping boots (being worn)
  L - an uncursed greased burnt +0 cloak of protection (being worn)
  D - an uncursed +0 dwarvish mithril-coat (being worn)
 Comestibles  ('%')
  N - an uncursed clove of garlic
  q - an uncursed sprig of wolfsbane
  H - an uncursed lizard corpse
 Rings    ('=')
  J - an uncursed ring of levitation named uncursed
  a - an uncursed ring of polymorph control named uncuyrs (on left hand)
  b - an uncursed +1 ring of protection
  E - an uncursed ring of regeneration
  Y - an uncursed ring of teleport control named uncuyrsed (on right hand)
 Wands    ('/')
  Q - a wand of cancellation (0:7)
  c - a wand of create monster (0:10)
  m - a wand of digging (0:2)
  w - a wand of light (0:5)
  I - a blessed wand of polymorph (0:6)
  U - a wand of speed monster (0:5)
  l - a wand of speed monster (0:0)
  A - a wand of stasis (0:3)
  G - a blessed wand of teleportation (0:2)
  x - a wand of teleportation (0:4)
 Tools    ('(')
  f - a blessed bag of holding containing 23 items
  g - an empty uncursed sack
  r - an uncursed blindfold
  C - an uncursed brass lantern
  R - an expensive camera (0:79)
  e - an uncursed lock pick
  d - an uncursed magic whistle
  z - a +0 unicorn horn
 Gems/Stones  ('*')
  i - an uncursed luckstone

Contents of the bag of holding:
  4517 gold pieces
  3 uncursed slime molds
  an uncursed C-ration
  2 uncursed candy bars labeled "Fruity Oaty"
  3 uncursed food rations
  2 uncursed K-rations
  an uncursed lembas wafer
  a cursed tin of stalker meat
  an uncursed egg
  3 uncursed lizard corpses
  3 uncursed lizard corpses
  an uncursed scroll of scare monster
  an uncursed scroll of enchant armor
  2 uncursed scrolls of teleportation
  a cursed scroll of teleportation
  a cursed potion of extra healing
  2 uncursed potions of healing
  an uncursed potion of paralysis
  an uncursed ring of conflict
  an uncursed ring of searching named uncursed
  a wand of light (0:15)
  a wand of speed monster (0:7)
  a can of grease (0:9)

Eesui the Rogue's attributes:

Background:
 You were a Pilferer, a level 11 male human Rogue.
 You were chaotic, on a mission for Kos
 who was opposed by Issek (lawful) and Mog (neutral).
 You were right-handed.
 You were in the Dungeons of Doom, on level 14.
 You entered the dungeon 26592 turns ago.
 You had 14908 experience points, 5092 more were needed to attain level 12.

Basics:
 You had 0 out of 70 hit points.
 You had all 33 energy points (spell power).
 Your armor class was -5.
 Your wallet was empty, but
 you had 4517 zorkmids stashed away in your pack.
 Autopickup was on for '$?!/=+"' plus thrown.

Final Characteristics:
 Your strength was 18 (limit:18/100).
 Your dexterity was 18 (limit:18).
 Your constitution was 18 (limit:18).
 Your intelligence was 13 (limit:18).
 Your wisdom was 10 (limit:18).
 Your charisma was 10 (limit:18).

Final Status:
 You weren't hungry.
 You were unencumbered.
 You were wielding two weapons at once.
 Your skill in dagger was limited by being skilled with two weapons.

Final Attributes:
 You were piously aligned.
 You were fire resistant.
 You were cold resistant.
 You were sleep resistant.
 You were poison resistant.
 You were telepathic.
 You were aware of the presence of orcs.
 You had automatic searching.
 You were stealthy.
 You could jump.
 You could teleport.
 You had teleport control.
 You had a small defense bonus (+3).
 You were protected.
 Your spell casting was impaired by metallic armor.
 You had polymorph control.
 You were lucky.
 You had extra luck.
 Bad luck did not time out for you.
 Good luck did not time out for you.
 You are dead (2nd time!).

Miscellaneous:
 You disabled loading and storing of bones levels.
 Total elapsed playing time was 2 hours, 40 minutes and 36 seconds.

Major events:
 Turn
    1: Eesui the chaotic male human Rogue entered the dungeon
  400: entered the Gnomish Mines
 2116: attained the rank of Cutpurse (level 3)
 4015: attained the rank of Rogue (level 6)
 5037: reached Mine Town
10092: chose an elven dagger to be named "Sting"
11031: entered Sokoban
11400: completed 1st Sokoban level
11939: completed 2nd Sokoban level
14394: completed 3rd Sokoban level
14832: averted death (killed by an energy vortex)
15253: completed 4th Sokoban level
15268: attained the rank of Pilferer (level 10)
15858: acquired the Sokoban bag of holding
26592: killed by a winged gargoyle

Spells:
 Name                 Level Category     Fail Retention
 turn undead            6   clerical     100%   51%-75%

Skills:
 Fighting Skills
   bare handed combat [Unskilled]
   two weapon combat  [Skilled]
   riding             [Unskilled]
 Weapon Skills
   dagger             [Expert]
   knife              [Unskilled]
   short sword        [Basic]
   broadsword         [Unskilled]
   long sword         [Unskilled]
   two-handed sword   [Unskilled]
   saber              [Unskilled]
   club               [Unskilled]
   mace               [Unskilled]
   morning star       [Unskilled]
   flail              [Unskilled]
   hammer             [Unskilled]
   polearms           [Unskilled]
   spear              [Unskilled]
   crossbow           [Unskilled]
   dart               [Unskilled]
   shuriken           [Unskilled]
 Spellcasting Skills
   divination spells  [Unskilled]
   escape spells      [Unskilled]
   matter spells      [Unskilled]

Voluntary challenges:
 Character rerolling was not enabled.
 You never genocided any monsters.
 You never polymorphed an object.
 You never changed form.
 You used no wishes.
 You did not violate any of the special Sokoban rules.
Achievements:
 You entered the Gnomish Mines.
 You entered a shop.
 You attained the rank of Cutpurse.
 You attained the rank of Rogue.
 You entered Minetown.
 You entered a temple.
 You entered Sokoban.
 You attained the rank of Pilferer.
 You completed Sokoban.

 The Dungeons of Doom: levels 1 to 14
    Level 1:
       A fountain.
    Level 2:
       Stairs down to The Gnomish Mines.
    Level 3:
    Level 4: "stash fire, cold res"
       A general store.
    Level 5:
       An altar to Kos.
    Level 6: "vault"
       A general store.
    Level 7:
    Level 8:
       Stairs up to Sokoban, level 7.
    Level 9:
       A food shop, some fountains, a sink.
    Level 10:
    Level 11:
    Level 12:
    Level 13:
       Summoned by the Master of Thieves.
    Level 14: <- You were here.
       Final resting place for
          you, killed by a winged gargoyle.
 The Gnomish Mines: levels 3 to 11
    Level 3:
    Level 4:
    Level 5:
    Level 6: "pois res"
       Many shops, a temple and an altar, some fountains, a sink.
    Level 7:
    Level 8: "sleep res"
    Level 9:
    Level 10:
    Level 11:
 Sokoban: levels 7 up to 4
    Level 4:
       Solved.
    Level 5:
       Solved.
    Level 6:
       Solved.
    Level 7:
       Solved.


Vanquished creatures:
  a ghost
  2 giant mimics
  2 long worms
  a fire giant
  a flesh golem
  a stalker
  2 black nagas
  3 giant zombies
  5 wargs
  4 small mimics
  a warhorse
  3 xans
  2 ettin mummies
  2 ogre leaders
  a quantum mechanic
  2 trolls
  2 gelatinous cubes
  a pyrolisk
  a large dog
  4 flaming spheres
  3 shocking spheres
  4 tigers
  2 gargoyles
  5 tengu
 an ochre jelly
  3 energy vortices
  a mountain centaur
  2 human mummies
  a python
  a pit viper
  2 ettin zombies
  a soldier
  4 chameleons
  2 crocodiles
  2 giant beetles
  3 quivering blobs
  6 cockatrices
  8 wolves
  3 winter wolf cubs
  a lynx
  2 panthers
  a gremlin
  6 leprechauns
 an orc-captain
 an iron piercer
  3 mumakil
  5 giant spiders
  a scorpion
  2 horses
  2 ice vortices
  2 black lights
  a vampire bat
  5 gnome rulers
  2 orc mummies
 14 brown puddings
  5 owlbears
  a werewolf
  a Green-elf
  8 lizards
  a chickatrice
  3 dingoes
  a dog
  a housecat
  3 dwarf leaders
  a blue jelly
  a white unicorn
  2 gray unicorns
  2 dust vortices
  a raven
  4 plains centaurs
  2 gnome mummies
  a snake
 an ape
  6 human zombies
  2 rope golems
  9 soldier ants
  2 fire ants
  a quasit
  4 wood nymphs
  a water nymph
  a mountain nymph
  5 Mordor orcs
  3 Uruk-hai
  5 rock piercers
  2 rock moles
  2 ponies
  2 fog clouds
  7 yellow lights
  3 violet fungi
 22 gnome leaders
  5 gnomish wizards
  5 kobold mummies
  2 gray oozes
  a barrow wight
  a ghoul
  a straw golem
  a paper golem
  3 giant ants
  8 floating eyes
  2 kittens
 25 dwarves
  4 homunculi
  3 kobold leaders
  2 kobold shamans
 11 hill orcs
 13 rothes
  a rabid rat
  2 giant bats
  8 monkeys
 an orc zombie
  4 dwarf zombies
  3 wererats
  a werejackal
 14 iguanas
 10 killer bees
 an acid blob
  3 coyotes
  3 gas spores
  7 hobbits
  9 manes
  2 hobgoblins
 15 giant rats
  a cave spider
  2 brown molds
  2 yellow molds
  2 green molds
  2 red molds
 82 gnomes
  3 gnome zombies
 14 geckos
 18 jackals
  3 kobolds
  6 goblins
  4 sewer rats
 14 grid bugs
  3 bats
  8 lichens
  5 kobold zombies
  9 newts
609 creatures vanquished.

No species were genocided or became extinct.

Game over:
                       ----------
                      /          \
                     /    REST    \
                    /      IN      \
                   /     PEACE      \
                  /                  \
                  |      Eesui       |
                  |     4517 Au      |
                  |   killed by a    |
                  | winged gargoyle  |
                  |                  |
                  |                  |
                  |       2026       |
                 *|     *  *  *      | *
        _________)/\\_//(\/(/\)/\//\/|_)_______

Goodbye Eesui the Rogue...

You died in The Dungeons of Doom on dungeon level 14 with 64388 points,
and 4517 pieces of gold, after 26592 moves.
You were level 11 with a maximum of 70 hit points when you died.

